 Dungeon Crawl Stone Soup version 0.29.1-1-gd02db6906a (webtiles) character file.

Game seed: 11890854080199709518

11781 Icepheonix32 the Fighter (level 11, -1/105 HPs)
             Began as a Minotaur Fighter on Sept 20, 2022.
             Was a Priest of Makhleb.
             Slain by Rupert
             ... wielding a +3 battleaxe of flaming
              (8 damage)
             ... while paralysed by Rupert
             ... on level 12 of the Dungeon.
             The game lasted 00:23:46 (12700 turns).

Icepheonix32 the Fighter (Minotaur Fighter)        Turns: 12700, Time: 00:23:47

Health: -1/105     AC: 19    Str: 25    XL:     11   Next: 53%
Magic:  0/10       EV:  2    Int:  5    God:    Makhleb [***...]
Gold:   718        SH:  0    Dex: 10    Spells: 10/10 levels left

rFire   . . .      SeeInvis .   e - +5 dagger (speed)
rCold   . . .      Faith    .   p - orb {*Rage}
rNeg    . . .      Spirit   +   b - +0 scale mail
rPois   .          Reflect  .   h - +2 hat
rElec   .          Harm     .   g - +2 cloak
rCorr   .          Rampage  .   u - +2 pair of gloves
Will    .....      Rage     20% J - +0 pair of boots
Stlth   ..........              G - amulet of guardian spirit
HPRegen 0.27/turn               (no ring)
MPRegen 0.12/turn               (no ring)

@: paralysed, on berserk cooldown, slowed
A: horns 2, retaliatory headbutt
a: Renounce Religion, Minor Destruction, Lesser Servant of Makhleb


You were on level 12 of the Dungeon.
You worshipped Makhleb.
Makhleb was most pleased with you.
You visited 2 branches of the dungeon, and saw 13 of its levels.
You also visited: Sewer.

You collected 718 gold pieces.

Inventory:

Hand Weapons
 e - a +5 dagger of speed (weapon)
 i - a +4 scimitar of flaming
 y - a +3 whip
 O - a +4 trident
 P - a +5 flail
 Q - a +4 long sword
Missiles
 d - 6 javelins
 m - 5 curare-tipped darts (quivered)
 v - 13 boomerangs
 A - 6 atropa-tipped darts
 F - 7 boomerangs of dispersal
 L - a throwing net
Armour
 b - a +0 scale mail (worn)
 c - a +0 buckler
 g - a +2 cloak (worn)
 h - a +2 hat (worn)
 p - an orb of wrath (worn)
 u - a +2 pair of gloves (worn)
 J - a +0 pair of boots (worn)
Jewellery
 f - a ring of ice
 G - an amulet of guardian spirit (around neck)
 M - an amulet of the acrobat
Wands
 w - a wand of iceblast (18)
 z - a wand of charming (10)
 H - a wand of light (7)
Scrolls
 a - a scroll of fog
 l - 6 scrolls of teleportation
 n - 3 scrolls of blinking
 B - a scroll of poison
 C - a scroll of magic mapping
 I - 3 scrolls of fear
 K - 3 scrolls of identify
 N - a scroll of enchant armour
Potions
 j - a potion of heal wounds
 k - a potion of berserk rage
 o - a potion of flight
 q - 2 potions of magic
 r - 2 potions of curing
 s - 3 potions of cancellation
 t - a potion of ambrosia
 x - a potion of attraction
 D - a potion of lignification
 E - a potion of might


   Skills:
 * Level 12.3 Fighting
 + Level 10.4 Short Blades
 - Level 4.8 Axes
 + Level 1.5 Throwing
 + Level 12.1 Armour
 + Level 5.9 Dodging
 + Level 2.1 Stealth
 - Level 4.4 Shields
 + Level 0.5 Evocations


You had 10 spell levels left.
You didn't know any spells.
Your spell library contained the following spells:

 Spells                   Type           Power      Damage    Failure   Level
 Blink                    Tloc           0%         N/A       83%         2
 Ensorcelled Hibernation  Hex/Ice        0%         N/A       83%         2
 Passwall                 Tmut/Erth      0%         N/A       83%         2
 Lesser Beckoning         Tloc           0%         N/A       97%         3
 Portal Projectile        Hex/Tloc       0%         N/A       97%         3
 Spider Form              Tmut/Pois      0%         N/A       97%         3
 Swiftness                Air            0%         N/A       97%         3
 Tukima's Dance           Hex            0%         N/A       97%         3
 Anguish                  Hex/Necr       0%         N/A       100%        4
 Animate Dead             Necr           0%         N/A       100%        4
 Hailstorm                Conj/Ice       0%         3d3       100%        4
 Ice Form                 Ice/Tmut       0%         N/A       100%        4
 Alistair's Intoxication  Tmut/Pois      0%         N/A       100%        5
 Blade Hands              Tmut           0%         N/A       100%        5
 Borgnjor's Vile Clutch   Necr/Erth      0%         N/A       100%        5
 Fireball                 Conj/Fire      0%         3d3       100%        5
 Manifold Assault         Tloc           0%         N/A       100%        5
 Death Channel            Necr           0%         N/A       100%        6
 Eringya's Noxious Bog    Tmut/Pois      0%         N/A       100%        6
 Simulacrum               Ice/Necr       0%         N/A       100%        6
 Starburst                Conj/Fire      0%         6d3       100%        6
 Ignition                 Fire           0%         3d3       100%        8


Dungeon Overview and Level Annotations

Branches:
Dungeon (12/15)            Temple (1/1) D:5            Lair (0/5) D:11
  Sewer (visited)
    Orc: D:9-12

Altars:
Ashenzari
Cheibriados
Dithmenos
Elyvilon
Fedhas
Gozag
Hepliaklqana
Kikubaaqudgha
Makhleb
Nemelex Xobeh
Okawaru
Qazlal
Ru
Sif Muna
Trog
Uskayaw
Vehumet
Wu Jian
Xom
Yredelemnul
Zin
The Shining One

Shops:
D:9 (

Annotations:
D:4 1 runed translucent door
D:12 Rupert


Innate Abilities, Weirdness & Mutations

You have a pair of horns on your head.
You reflexively headbutt those who attack you in melee.


Message History

Rupert burns you.
You barely miss Rupert.
Rupert is heavily wounded.
You barely miss Rupert. You headbutt Rupert.
Rupert is heavily wounded.
You hit Rupert. Your headbutt misses Rupert.
Rupert is heavily wounded.
You hit Rupert.
Rupert is severely wounded.
Rupert hits you with a +3 battleaxe of flaming.
Rupert burns you.
You puncture Rupert!
Rupert is severely wounded.
You puncture Rupert!
Rupert is severely wounded.
You hit Rupert but do no damage.
Rupert is severely wounded.
You are no longer berserk.
You are exhausted.
You feel yourself slow down.
You hit Rupert.
Rupert is almost dead.
Rupert roars wildly at you.
You suddenly lose the ability to move!
Rupert roars madly and goes into a rage!
Rupert goes berserk!
Rupert hits you with a +3 battleaxe of flaming!
Rupert burns you.
Rupert hits you with a +3 battleaxe of flaming!
Rupert burns you!
Rupert hits you with a +3 battleaxe of flaming!!!
* * * LOW HITPOINT WARNING * * *
Rupert burns you.
* * * LOW HITPOINT WARNING * * *
Rupert hits you with a +3 battleaxe of flaming!
* * * LOW HITPOINT WARNING * * *
Rupert burns you.
* * * LOW HITPOINT WARNING * * *
Rupert hits you with a +3 battleaxe of flaming!
You die...

## ..
#.#######
#.@@....##
####.....####
#.....<..#
#.............
#.....##.#....
#.....# .# ...
#.....# # .
#.....#
#.....#


You could see Rupert (berserk).

Vanquished Creatures
  Erica (D:8)
  A two-headed ogre (D:11)
  A manticore (D:11)
  Maurice (D:8)
  An ugly thing (D:11)
  Joseph (D:8)
  A komodo dragon (D:11)
  A troll (D:10)
  Grinder (D:6)
  3 slime creatures (D:12)
  A wraith (D:10)
  A vampire (D:10)
  2 shadows (D:9)
  A basilisk (D:10)
  13 yaks
  A steam dragon (D:9)
  2 water moccasins
  An ice beast (D:7)
  6 orc warriors
  A black bear (D:6)
  8 centaurs
  A necrophage (D:5)
  7 kobold brigands
  5 bullfrogs
  2 gnoll sergeants
  6 wights (D:10)
  14 killer bees
  The ghost of RogueRain17 the Slasher, a weakling DsGl of Ashenzari (D:4)
  4 howler monkeys
  7 hounds
  9 orc priests
  2 jellies
  10 orc wizards
  7 iguanas
  10 adders
  13 gnolls
  A river rat (D:4)
  A shadow imp (D:4)
  2 white imps
  4 worms
  2 dart slugs
  21 orcs
  2 endoplasms (D:1)
  10 giant cockroaches
  3 goblins
  A hobgoblin (D:3)
  3 jackals (D:2)
  6 quokkas
  3 training dummies (D:9)
  11 ball pythons
  4 bats
  4 frilled lizards
  35 kobolds
  4 rats
264 creatures vanquished.

Vanquished Creatures (others)
  A deep elf pyromancer (D:10)
  An orc wizard (D:5)
  An orc (D:8)
  19 fungi
22 creatures vanquished.

Grand Total: 286 creatures vanquished

Notes
Turn   | Place    | Note
-------+----------+-------------------------------------------
     0 | D:1      | Icepheonix32 the Minotaur Fighter began the quest for the
                  | Orb.
     0 | D:1      | Reached XP level 1. HP: 19/19 MP: 0/0
   486 | D:1      | Reached XP level 2. HP: 21/27 MP: 1/1
  1455 | D:2      | Reached XP level 3. HP: 33/34 MP: 2/2
  1481 | D:2      | Found a faded altar of an unknown god.
  1966 | D:3      | Reached XP level 4. HP: 30/41 MP: 3/3
  2675 | D:4      | Found a runed translucent door.
  2677 | D:4      | Reached XP level 5. HP: 24/47 MP: 4/4
  2694 | D:4      | Found a glowing drain.
  2705 | Sewer    | Entered a sewer
  2942 | Sewer    | Reached skill level 5 in Fighting
  3124 | Sewer    | Reached skill level 1 in Dodging
  3124 | Sewer    | Reached XP level 6. HP: 47/56 MP: 5/5
  3376 | D:4      | Reached skill level 1 in Stealth
  3379 | D:4      | Reached skill level 1 in Short Blades
  3396 | D:4      | Reached skill level 5 in Armour
  3812 | D:4      | Found a runed translucent door.
  3812 | D:4      | Noticed RogueRain17's ghost (weakling DsGl)
  4634 | D:4      | Killed RogueRain17's ghost
  4679 | D:5      | Entered Level 5 of the Dungeon
  4745 | D:5      | Reached XP level 7. HP: 42/62 MP: 6/6
  5166 | D:5      | Found a staircase to the Ecumenical Temple.
  5178 | Temple   | Entered the Ecumenical Temple
  5401 | Temple   | Became a worshipper of Makhleb the Destroyer
  5922 | D:6      | Reached XP level 8. HP: 55/71 MP: 7/7
  6531 | D:6      | Noticed Grinder
  6539 | D:6      | Killed Grinder
  6715 | D:7      | Reached * piety under Makhleb
  6716 | D:7      | Reached skill level 5 in Short Blades
  6944 | D:7      | Reached XP level 9. HP: 79/81 MP: 8/8
  7217 | D:7      | Found a sacrificial altar of Ru.
  7374 | D:8      | Noticed Joseph
  7719 | D:8      | Noticed Erica
  7931 | D:8      | Killed Erica
  8015 | D:8      | Noticed Maurice
  8043 | D:8      | Killed Maurice
  8069 | D:8      | Found a stormy altar of Qazlal.
  8307 | D:8      | Killed Joseph
  8308 | D:8      | Reached XP level 10. HP: 85/91 MP: 4/9
  8359 | D:8      | Reached ** piety under Makhleb
  8360 | D:8      | Reached skill level 5 in Dodging
  9029 | D:9      | Found Gis Ygasm's Firing Range.
  9147 | D:9      | Reached skill level 10 in Armour
  9542 | D:9      | Reached skill level 10 in Fighting
 10224 | D:9      | Reached *** piety under Makhleb
 10437 | D:10     | Entered Level 10 of the Dungeon
 11168 | D:10     | Noticed a deep elf pyromancer
 11195 | D:10     | Killed a deep elf pyromancer
 11196 | D:10     | Reached XP level 11. HP: 83/102 MP: 8/10
 11230 | D:10     | Reached skill level 10 in Short Blades
 11521 | D:11     | Found a staircase to the Lair.
 11723 | D:11     | Noticed a white ugly thing
 11734 | D:11     | Killed a white ugly thing
 11885 | D:11     | Noticed a two-headed ogre
 11894 | D:11     | Killed a two-headed ogre
 12670 | D:12     | Reached skill level 1 in Throwing
 12676 | D:12     | Noticed Rupert
 12695 | D:12     | Paralysed by Rupert for 5 turns
 12700 | D:12     | Slain by Rupert

Illustrated notes

Levels and vault maps discovered:
D:1:      lightli_molten_gateway, layout_basic
D:2:      layout_basic, serial_rivers, chequers_serial_rivers_micro_a,
          chequers_serial_rivers_large_a, chequers_serial_rivers_small_3,
          chequers_serial_rivers_micro_b, hellmonk_ecumenical_altar_crossroads
D:3:      layout_loops_cross, ebering_dispersal_statue_hall
D:4:      layout_layer_cave, ebering_ghost_sewer_f, portal_sewer_entry_d
D:5:      layout_basic, minmay_temple_entry_proselytizer, serial_aquarium,
          aquarium_bridge_square [aquarium_subvault_bridge,
          aquarium_subvault_window, aquarium_subvault_window,
          aquarium_subvault_bridge], aquarium_window_1, aquarium_window_2,
          aquarium_view_4, aquarium_view_2e, aquarium_pool_1
D:6:      layout_gridville, kennysheep_generic_room_3, uniq_grinder
D:7:      layout_cave_pools, mainiacjoe_overflow_24_doors
D:8:      layout_rooms, nicolae_qazlal_general_emergency,
          kennysheep_generic_room_8, uniq_erica, uniq_joseph, uniq_maurice
D:9:      layout_loops_corners, dreamdust_mushroom_princess,
          nicolae_shop_firing_range
D:10:     layout_irregular_city, minmay_fractal_squares_gapless_7
D:11:     layout_basic, lair_entry_dummy, statue_in_the_mist_lemuel
D:12:     layout_basic, orc_0_dummy, uniq_rupert, uniq_josephine
Temple:   nicolae_temple_slightly_damp_pantheon

Skill      XL: |  1  2  3  4  5  6  7  8  9 10 11 |
---------------+----------------------------------+-----
Fighting       | 4 5 6 7 9 11 12 | 12.3
Axes           | 3 4 |  4.8
Armour         | 4 5 6 8 9 11 12 | 12.1
Shields        | 4 |  4.4
Dodging        | 1 3 4 5 |  5.9
Stealth        | 1 2 |  2.1
Short Blades   | 2 3 5 8 9 10 | 10.4
Throwing       | 1 |  1.5
Evocations     | |  0.5

Action                   |  1- 3 |  4- 6 |  7- 9 | 10-12 || total
-------------------------+-------+-------+-------+-------++-------
Melee: War axe           |    77 |    26 |       |       ||   103
       Headbutt          |     8 |    38 |    71 |   100 ||   217
       Dagger            |       |   156 |   332 |   457 ||   945
Throw: Dart              |       |       |     6 |     2 ||     8
Evoke: Wand              |       |       |       |     3 ||     3
  Use: Scroll            |       |    17 |     8 |     1 ||    26
       Potion            |       |     2 |     1 |     4 ||     7
 Stab: Invisible         |       |       |       |     1 ||     1
Armor: Scale mail        |    23 |    84 |   107 |   173 ||   387
Dodge: Dodged            |    39 |    56 |   124 |   131 ||   350
Block: Buckler           |    20 |    25 |     2 |       ||    47
